Unix NetHack Version 3.7.0-66 Work-in-progress - last build Dec 5 2022 03:26:57 (dbea811729ade750c4c0c7f8ab6145c62533a6e7,branch:master). Game began 2022-12-06 20:27:34, ended 2022-12-07 21:06:17. Buffalo, chaotic female elven Wizard ----------- |......<..| ----- |.........| ###....| ------ |.........| #### |...| |...>| |...)......# ##########.....#)##.....| -.|------..## `#############%### |...|# |....| ### #####*## # # -----# -.---- # # # ###` # ` # #----------# ## ## #### ------ ##### # #.........|####### # # |....| ## ### ###|.........# # # |@...| -----..------ ######### |........| ####*# |.u..| |...*.......| # # -|-------- ##-+-.--- |....| |...........| # #|.....| |.?..| |...........| # +-..*..| |..@.-# |...........-####### |.*...| ------%#####-.%......b..| ------- ------------- Buffalo the Thaumaturge St:18 Dx:14 Co:18 In:16 Wi:15 Ch:12 Chaotic S:30791 Dlvl:5 $:0 HP:70(70) Pw:99(126) AC:-5 Xp:9/4533 T:16010 Latest messages: You kill the killer bee! The magic-absorbing blade probes the killer bee! The probe is insightful. Status of the killer bee (neutral): Level 1 HP 7(7) AC -1. The killer bee is not carrying anything. You kill the killer bee! The magic-absorbing blade scares the killer bee! The killer bee is confused. You kill the killer bee! You see here 2 killer bee corpses. You stop. Your warhorse is in the way! You swap places with your warhorse. You swap places with your warhorse. You swap places with your warhorse. You see here a statue of an acid blob. Where do you want to travel to? (For instructions type a '?') You swap places with your warhorse. You swap places with your warhorse. You swap places with your warhorse. You descend the stairs. You remember this level as vault. Where do you want to travel to? (For instructions type a '?') You swap places with your warhorse. You swap places with your warhorse. You swap places with your warhorse. Where do you want to travel to? (For instructions type a '?') What do you want to use or apply? [cfhkmnrxJUY or ?*] h Where do you want to travel to? (For instructions type a '?') You swap places with your warhorse. The large kobold wields an elven broadsword! You kill the large kobold! o - a magenta potion. You climb up the stairs. You remember this level as shop. Where do you want to travel to? (For instructions type a '?') You swap places with your warhorse. You swap places with your warhorse. You swap places with your warhorse. You swap places with your warhorse. "Hello, Buffalo! Welcome again to Abitibi's general store!" Really quit? [yn] (n) y Abitibi gratefully inherits all your possessions. Do you want to see what you had when you quit? [ynq] (y) y Do you want to see your attributes? [ynq] (y) y Do you want an account of creatures vanquished? [ynaq] (y) q Inventory: Amulets w - an uncursed amulet of ESP (being worn) Weapons l - a +0 dagger L - a blessed +2 elven dagger named +2 E - the rustproof +0 Magicbane (weapon in hand) Armor D - a blessed +1 dwarvish iron helm (being worn) t - an uncursed +0 pair of leather gloves (being worn) X - a blessed very rusty +2 pair of iron shoes (being worn) a - a blessed +1 small shield (being worn) b - an uncursed +0 cloak of magic resistance (being worn) M - an uncursed +0 studded leather armor (being worn) Comestibles O - an uncursed cram ration C - an uncursed lizard corpse Scrolls F - a blessed scroll of teleportation Potions o - an uncursed potion of oil Rings e - an uncursed +1 ring of gain constitution (on right hand) z - an uncursed +1 ring of gain constitution (on left hand) u - an uncursed ring of regeneration s - an uncursed ring of shock resistance v - an uncursed ring of shock resistance B - a cursed ring of sustain ability Wands r - a wand of cancellation named -1 (0:6) J - a wand of cold named -2 (0:2) f - a wand of digging named -1 (0:4) m - a wand of fire named -0 (0:5) Tools h - an uncursed bag of holding containing 46 items Y - an uncursed leash (attached to the warhorse) n - a magic marker (0:51) k - an uncursed skeleton key c - an uncursed stethoscope U - a +0 unicorn horn named pRcR Gems/Stones x - an uncursed luckstone Contents of the bag of holding: 4175 gold pieces a +0 worm tooth a cursed +0 robe 3 uncursed food rations an uncursed fortune cookie 2 uncursed tripe rations an uncursed lizard corpse 6 uncursed scrolls of blank paper a cursed scroll of blank paper an uncursed scroll of earth an uncursed scroll of enchant weapon an uncursed scroll of genocide 7 uncursed scrolls of identify an uncursed scroll of light 2 cursed scrolls of remove curse an uncursed scroll of stinking cloud a blessed scroll of teleportation an uncursed spellbook of blank paper an uncursed spellbook of create familiar an uncursed spellbook of force bolt an uncursed spellbook of levitation an uncursed potion of acid a cursed potion of booze an uncursed potion of confusion an uncursed potion of extra healing an uncursed potion of full healing an uncursed potion of invisibility an uncursed potion of object detection a cursed potion of object detection a cursed potion of paralysis an uncursed potion of speed an uncursed potion of water an uncursed ring of fire resistance an uncursed ring of see invisible an uncursed ring of slow digestion an uncursed ring of stealth an uncursed ring of stealth a wand of cold named -1 (0:5) a wand of speed monster named -? (0:1) an empty uncursed oilskin sack an uncursed wooden flute an uncursed worthless piece of blue glass 2 uncursed worthless pieces of green glass 2 uncursed worthless pieces of red glass an uncursed worthless piece of violet glass a cursed worthless piece of white glass Buffalo the Wizard's attributes: Background: You were a Thaumaturge, a level 9 female elven Wizard. You were chaotic, on a mission for Anhur who was opposed by Ptah (lawful) and Thoth (neutral). You were in the Dungeons of Doom, on level 5. You entered the dungeon 16010 turns ago. There was a full moon in effect when your adventure ended. You had 4533 experience points, 587 more were needed to attain level 10. Your score was 30791 before end-of-game adjustments. Basics: You had all 70 hit points. You had 99 out of 126 energy points (spell power). Your armor class was -5. Your wallet was empty, but you had 4175 zorkmids stashed away in your pack. Autopickup was on, but temporarily disabled while inside the shop. Final Characteristics: Your strength was 18 (limit:18). Your dexterity was 14 (limit:18). Your constitution was 18 (base:16, innate limit:16). Your intelligence was 16 (limit:20). Your wisdom was 15 (limit:20). Your charisma was 12 (limit:18). Final Status: You were not hungry. You were unencumbered. You were wielding a dagger. You were skilled in dagger and could have enhanced that. Final Attributes: You were piously aligned. You were magic-protected. You were cold resistant. You were sleep resistant. You were poison resistant. You were telepathic. You had infravision. You had a small defense bonus (+3). You were warded. You were fast. You were lucky. You had extra luck. Bad luck did not time out for you. Good luck did not time out for you. You survived. Miscellaneous: You never encountered a bones level. Total elapsed playing time was 2 hours, 34 minutes and 10 seconds. Major events: Turn 1: Buffalo the chaotic female elven Wizard entered the dungeon 1082: entered the Gnomish Mines 1193: attained the rank of Conjurer (level 3) 3338: reached Mine Town 3629: attained the rank of Thaumaturge (level 6) 11286: entered Sokoban 11634: completed 1st Sokoban level 12574: completed 2nd Sokoban level 13049: completed 3rd Sokoban level 14525: completed 4th Sokoban level 14971: acquired the Sokoban bag of holding 15607: was bestowed with Magicbane by Anhur 16010: quit Vanquished creatures: an aligned cleric a vampire a ghost 3 giant mimics a long worm 2 stalkers a winter wolf a small mimic a xan an ettin mummy 4 quantum mechanics a gelatinous cube 2 large cats 2 gargoyles a dwarf ruler a tengu 2 human mummies 2 wraiths an ettin zombie a Grey-elf 3 watchmen a chameleon a crocodile 4 giant beetles a quivering blob 4 cockatrices 3 wolves a lynx 5 leprechauns 2 iron piercers 2 black lights a vampire bat 3 gnome rulers 2 dwarf mummies a rust monster 2 yetis 2 werewolves a Green-elf 6 lizards a chickatrice a dingo 2 jaguars 4 dwarf leaders 3 blue jellies a white unicorn a gray unicorn 3 dust vortices a raven 3 plains centaurs 4 snakes 2 apes 2 rope golems a Woodland-elf 4 soldier ants a fire ant a bugbear a quasit a wood nymph 5 water nymphs 3 mountain nymphs 3 Uruk-hai 2 orc shamans 5 rock piercers 5 rock moles 3 ponies 6 fog clouds 6 yellow lights 2 shriekers a violet fungus 8 gnome leaders 4 gnomish wizards a kobold mummy 3 gray oozes 3 elf zombies 2 straw golems 2 paper golems 8 giant ants 3 little dogs 6 floating eyes 2 kittens 15 dwarves 2 kobold shamans 3 hill orcs 9 rothes a rabid rat a centipede 3 giant bats 2 monkeys 3 dwarf zombies 3 werejackals 8 iguanas 15 killer bees 3 acid blobs 3 coyotes a gas spore 2 hobbits 2 manes 3 large kobolds 3 hobgoblins 15 giant rats 6 cave spiders 3 yellow molds a red mold 37 gnomes 8 garter snakes 3 gnome zombies 8 geckos 12 jackals 3 foxes 4 kobolds 3 goblins 2 sewer rats 8 grid bugs 8 bats 11 lichens 4 kobold zombies 6 newts 419 creatures vanquished. No species were genocided or became extinct. Voluntary challenges: You read items or engraved 20 times. You engraved Elbereth 4 times. You never genocided any monsters. You never polymorphed an object. You never changed form. You used no wishes. You violated the special Sokoban rules 5 times. Achievements: You entered the Gnomish Mines. You attained the rank of Conjurer. You entered Minetown. You entered a shop. You entered a temple. You attained the rank of Thaumaturge. You entered Sokoban. You completed Sokoban. The Dungeons of Doom: levels 1 to 9 Level 1: "bar closet" Level 2: A fountain. Level 3: Stairs down to The Gnomish Mines. Level 4: A sink, a grave. Level 5: "shop" <- You were here. A general store. Level 6: "vault" A fountain, a grave. Level 7: "oracle" Many fountains. Oracle of Delphi. Level 8: Stairs up to Sokoban, level 7. Level 9: A temple to Anhur. The Gnomish Mines: levels 4 to 11 Level 4: Level 5: Level 6: Level 7: Many shops, a temple, some fountains. Level 8: Level 9: Level 10: "polytrap,blue dragon" Level 11: Sokoban: levels 7 up to 4 Level 4: Solved. Level 5: Solved. Level 6: Solved. Level 7: Solved. Goodbye Buffalo the Wizard... You quit in The Dungeons of Doom on dungeon level 5 with 30791 points, and 4175 pieces of gold, after 16010 moves. You were level 9 with a maximum of 70 hit points when you quit.